AoeStats
← VIT Liereyy

Arabian Desert

509869568Analyzed
1v1 RM · 4d ago on Sep 28, 2026· 23m 10s· 2 players
Game mode
Random Map
Map size
Tiny (2 player)
Population
200
Speed
Normal
Resources
Standard
Victory
Conquest
Starting age
Dark Age
Ending age
Imperial Age
RankedLock teamsTeams togetherTeam positionsShared explorationLock speedFull tech treeHidden civsTurbo modeCheats
Victory
Defeat
🇦🇹 Sicilians · Austria
2984
+2
🇧🇷 Bulgarians · Brazil
2540
-2
VIT Liereyy
5:54 Loom
8:24 Feudal Age
8:58 Double-Bit Axe
9:08 Horse Collar
15:16 Fletching
16:05 Padded Archer Armor
21:43 Castle Age
20:23 Scale Mail Armor
22:37 Bow Saw
F1Re
6:27 Loom
8:50 Feudal Age
9:18 Double-Bit Axe
9:28 Arson
13:41 Fletching
15:12 Horse Collar
16:03 Scale Mail Armor
19:42 Forging
Connection lost

Rejoining the realm…

Still unreachable

The connection could not be restored.

Session expired

The server has moved on; the page needs a fresh start.